AoeStats
← Fenix

Lombardia

510178729Analyzed
3v3 RM · 3d ago on Sep 29, 2026· 58m 26s· 6 players
Game mode
Random Map
Map size
Normal (6 player)
Population
200
Speed
Normal
Resources
Standard
Victory
Conquest
Starting age
Dark Age
Ending age
Imperial Age
RankedLock teamsTeams togetherTeam positionsShared explorationLock speedFull tech treeHidden civsTurbo modeCheats
Victory
Defeat
🇬🇧 Koreans · United Kingdom
1436
+13
🇬🇧 Italians · United Kingdom
1391
+14
🇬🇧 Cumans · United Kingdom
1183
+23
🇺🇸 Tatars · United States
1362
-17
🇵🇪 Vietnamese · Peru
1351
-17
🇵🇪 Wu · Peru
1343
-16
The Great Lion Paw
11:06 Feudal Age
9:49 Loom
11:52 Double-Bit Axe
14:39 Castle Age
14:34 Scale Barding Armor
15:09 Bloodlines
16:58 Wheelbarrow
30:57 Chain Barding Armor
30:49 Forging
30:36 Fletching
30:46 Padded Archer Armor
30:47 Town Watch
32:18 Hand Cart
32:38 Bodkin Arrow
32:58 Leather Archer Armor
36:43 Imperial Age
34:30 Bow Saw
35:09 Ballistics
36:01 Horse Collar
36:19 Gold Mining
36:32 Stone Mining
36:49 Elite Genoese Crossbowman
38:40 Chemistry
37:45 Bracer
39:11 Ring Archer Armor
40:43 Conscription
41:41 Two-Man Saw
40:43 Caravan
42:48 Hoardings
44:50 Chain Barding Armor
44:40 Forging
The Great Lynx Paw
10:31 Loom
12:19 Feudal Age
16:55 Castle Age
15:50 Horse Collar
15:58 Double-Bit Axe
16:45 Scale Barding Armor
19:56 Bloodlines
21:31 Wheelbarrow
20:41 Town Watch
21:31 Forging
23:15 Town Watch
24:24 Bow Saw
25:05 Gold Mining
25:11 Light Cavalry
26:23 Chain Barding Armor
28:18 Iron Casting
27:41 Pikeman
31:12 Scale Mail Armor
33:26 Chain Mail Armor
34:38 Heavy Plow
35:04 Squires
34:57 Fletching
35:35 Capped Ram
36:26 Stone Mining
38:09 Gold Shaft Mining
38:18 Hand Cart
39:53 Bodkin Arrow
42:45 Imperial Age
40:17 Padded Archer Armor
40:06 Arson
39:41 Man-at-Arms
39:51 Capped Ram
41:17 Town Patrol
42:03 Leather Archer Armor
43:53 Cavalier
45:11 Plate Barding Armor
45:37 Blast Furnace
44:01 Halberdier
44:32 Arson
45:26 Crop Rotation
44:58 Caravan
45:29 Paladin
48:04 Two-Man Saw
50:35 Hussar
51:30 Steppe Husbandry
51:39 Cuman Mercenaries
52:41 Plate Mail Armor
53:39 Conscription
55:59 Hoardings
56:05 Ring Archer Armor
58:16 Elite Kipchak
The Great Tiger Paw
10:30 Feudal Age
9:47 Loom
11:37 Town Watch
12:21 Double-Bit Axe
18:07 Castle Age
16:43 Fletching
19:14 Bow Saw
21:55 Bodkin Arrow
24:50 Horse Collar
31:32 Masonry
34:02 Wheelbarrow
34:08 Ballistics
36:18 Gold Mining
41:03 Imperial Age
39:54 Hand Cart
39:59 Scale Mail Armor
40:09 Forging
41:00 Chain Mail Armor
41:01 Heavy Plow
41:36 Caravan
43:06 Chemistry
42:35 Murder Holes
43:10 Architecture
43:21 Conscription
43:45 Bracer
43:57 Pikeman
44:38 Squires
45:15 Plate Mail Armor
45:21 Iron Casting
45:31 Gold Shaft Mining
44:46 Stone Mining
45:25 Town Patrol
45:21 Halberdier
47:13 Heavy Rocket Cart
50:54 Siege Engineers
51:41 Shinkichon
51:24 Eupseong
52:10 Arson
52:31 Scale Barding Armor
53:20 Coinage
53:42 Chain Barding Armor
55:11 Architecture
55:40 Elite Fire Lancer
59:06 Banking
58:49 Thumb Ring
hehe xd
7:08 Loom
9:23 Feudal Age
10:53 Double-Bit Axe
14:31 Wheelbarrow
20:06 Castle Age
17:58 Fletching
19:38 Padded Archer Armor
20:10 Crossbowman
21:08 Leather Archer Armor
20:52 Bodkin Arrow
25:49 Leather Archer Armor
29:04 Bloodlines
30:08 Husbandry
33:09 Hand Cart
35:42 Ballistics
38:21 Imperial Age
36:09 Hand Cart
37:55 Gold Mining
40:03 Bracer
41:12 Chemistry
40:19 Murder Holes
41:49 Caravan
41:27 Heavy Cavalry Archer
42:07 Horse Collar
44:08 Conscription
44:42 Ring Archer Armor
43:52 Light Cavalry
44:04 Elite Skirmisher
46:13 Imperial Skirmisher
49:28 Timurid Siegecraft
52:27 Bow Saw
52:55 Gold Shaft Mining
53:11 Silk Armor
Anakin
6:07 Loom
9:17 Feudal Age
11:15 Double-Bit Axe
11:32 Horse Collar
21:12 Castle Age
20:46 Scale Barding Armor
20:57 Bloodlines
21:09 Forging
21:57 Husbandry
26:40 Chain Barding Armor
39:59 Imperial Age
38:41 Iron Casting
39:10 Wheelbarrow
39:27 Fletching
39:37 Padded Archer Armor
40:13 Ballistics
39:57 Caravan
40:16 Bodkin Arrow
41:30 Plate Barding Armor
41:07 Elite Battle Elephant
41:49 Bracer
42:04 Leather Archer Armor
41:40 Town Watch
44:02 Hand Cart
44:56 Paper Money
44:39 Chatras
44:01 Elite Rattan Archer
45:48 Chemistry
45:15 Bow Saw
48:57 Town Patrol
49:04 Siege Engineers
49:10 Masonry
50:44 Ring Archer Armor
50:21 Thumb Ring
52:06 Hoardings
53:11 Heavy Plow
54:14 Two-Man Saw
56:16 Light Cavalry
Fenix
6:29 Loom
9:18 Feudal Age
9:20 Man-at-Arms
9:58 Double-Bit Axe
13:17 Horse Collar
17:24 Town Watch
22:19 Castle Age
23:21 Bow Saw
23:12 Heavy Plow
25:47 Stone Mining
26:55 Redemption
29:01 Masonry
31:29 Imperial Age
34:46 Conscription
40:13 Chemistry
40:28 Elite Skirmisher
41:10 Padded Archer Armor
41:28 Fletching
41:30 Imperial Skirmisher
43:18 Leather Archer Armor
43:12 Bodkin Arrow
44:51 Bracer
45:12 Ballistics
46:21 Red Cliffs Tactics
47:48 Forging
48:38 Caravan
49:12 Scale Mail Armor
51:04 Scale Barding Armor
51:36 Iron Casting
52:20 Heavy Hei Guang Cavalry
53:10 Bloodlines
53:00 Husbandry
54:48 Chain Barding Armor
55:19 Light Cavalry
56:26 Hussar
Connection lost

Rejoining the realm…

Still unreachable

The connection could not be restored.

Session expired

The server has moved on; the page needs a fresh start.